 Dungeon Crawl Stone Soup version 0.19.4-8-ga85b6b9 (webtiles) character file.

236 esteth the Chiller (level 6, -3/41 HPs)
             Began as a Merfolk Ice Elementalist on Feb 8, 2017.
             Killed from afar by an orc wizard (7 damage)
             ... with a magic dart
             ... on level 4 of the Dungeon on Feb 9, 2017.
             The game lasted 00:09:58 (3736 turns).

esteth the Chiller (Merfolk Ice Elementalist)       Turns: 3736, Time: 00:09:59

Health: -3/41      AC:  5    Str:  8    XL:     6   Next: 6%
Magic:  3/13       EV: 18    Int: 21    God:
Gold:   163        SH:  0    Dex: 20    Spells: 2 memorised, 10 levels left

rFire  . . .     SeeInvis .     (no weapon)
rCold  . . .     Gourm    .     l - +0 leather armour
rNeg   . . .     Faith    .     (no shield)
rPois  .         Spirit   .     g - +2 hat
rElec  .         Reflect  .     (no cloak)
rCorr  .         Harm     .     (no gloves)
MR     .....                    (no boots)
Stlth  +++.......               (no amulet)
                                (no ring)
                                (no ring)

@: brilliant, agile, very slightly contaminated
A: change form in water, swift swim, stealthy swim
a: no special abilities


You were on level 4 of the Dungeon.
You were not hungry.

You visited 1 branch of the dungeon, and saw 4 of its levels.

You collected 163 gold pieces.

Inventory:

Armour
 a - a +0 robe
 g - a +2 hat (worn)
 l - a +0 leather armour (worn)
Scrolls
 d - a scroll of identify
 e - a scroll of magic mapping
 j - a scroll of blinking
 k - 2 scrolls of teleportation
 n - 2 scrolls of remove curse
Potions
 f - a potion of brilliance
 h - a potion of flight
 p - 2 potions of might
Books
 b - a book of Frost

   Spells                             Type                      Level
   a - Freeze                         Ice                          1
   b - Throw Frost                    Conjuration/Ice              2
   c - Ozocubu's Armour               Charms/Ice                   3
   d - Throw Icicle                   Conjuration/Ice              4
   e - Summon Ice Beast               Ice/Summoning                4
 q - a book of Misfortune

   Spells                             Type                      Level
   a - Confusing Touch                Hexes                        1
   b - Confuse                        Hexes                        3
   c - Gell's Gravitas                Hexes/Translocation          3
   d - Petrify                        Transmutation/Earth          4
   e - Metabolic Englaciation         Hexes/Ice                    5
   f - Yara's Violent Unravelling     Hexes/Transmutation          5
Comestibles
 c - 2 bread rations
 i - 4 meat rations
 m - 3 fruits
 r - 8 chunks of flesh


   Skills:
 - Level 2.6 Dodging
 - Level 2.1 Stealth
 + Level 4.8 Spellcasting
   Level 0.7 Conjurations
 - Level 4.8 Ice Magic


You had 10 spell levels left.
You knew the following spells:

 Your Spells              Type           Power        Failure   Level  Hunger
a - Freeze                Ice            ####         1%          1    None
b - Ozocubu's Armour      Chrm/Ice       ####....     2%          3    ##.....


Dungeon Overview and Level Annotations

Branches:
Dungeon (4/15)
 Temple: D:4-7

Altars:


Message History

Increase (S)trength, (I)ntelligence, or (D)exterity?
You feel clever.
You hear some strange, mumbled words.
Something tries to affect you, but you resist.
Casting: Freeze
Confirm with . or Enter, or press ? or * to list all spells.
Aiming: Freeze
Press: ? - help, Shift-Dir - straight line There's nothing close enough!
Something completely misses you.
Casting: Freeze
Confirm with . or Enter, or press ? or * to list all spells.
Aiming: Freeze
Press: ? - help, Shift-Dir - straight line, f - orc
Aim: an orc, wielding a hand axe and wearing a ring mail You freeze the orc.
You kill the orc!
Something barely misses you.
A magic dart appears from out of thin air!
The magic dart hits you!
You die...

# #.
#.###
#...#
####@#
##
..#.##.#
#)#.)..#
#.##...#
#.##.###
#.##.#
#{o..#
#.####
....


There were no monsters in sight!

Vanquished Creatures
  3 orc priests
  5 adders
  3 worms
  5 dart slugs
  2 leopard geckos (D:1)
  4 orcs
  A ball python (D:1)
  A giant cockroach (D:3)
  7 goblins
  10 hobgoblins
  4 jackals
  7 kobolds
  3 quokkas (D:2)
  9 bats
  6 frilled lizards
  15 rats
85 creatures vanquished.

Notes
Turn   | Place    | Note
-------+----------+-------------------------------------------
     0 | D:1      | esteth the Merfolk Ice Elementalist began the quest for the Orb.
     0 | D:1      | Reached XP level 1. HP: 13/13 MP: 3/3
   295 | D:1      | Reached XP level 2. HP: 14/19 MP: 5/5
   560 | D:1      | Reached XP level 3. HP: 6/24 MP: 0/6
   752 | D:1      | Learned a level 3 spell: Ozocubu's Armour
  1829 | D:2      | Reached XP level 4. HP: 18/30 MP: 5/7
  2871 | D:3      | Reached XP level 5. HP: 35/35 MP: 7/10
  3732 | D:4      | Reached XP level 6. HP: 3/41 MP: 5/13
  3736 | D:4      | Killed from afar by an orc wizard

Skill      XL: |  1  2  3  4  5 |
---------------+----------------+-----
Ice Magic      | 4 |  4.8
Spellcasting   | 3 4 |  4.8
Dodging        | |  2.6
Stealth        | |  2.1
Conjurations   | |  0.7

Action                   |  1- 3 |  4- 6 || total
-------------------------+-------+-------++-------
Melee: Unarmed           |   114 |    46 ||   160
 Cast: Freeze            |    45 |    91 ||   136
       Ozocubu's Armour  |     2 |       ||     2
  Use: Scroll            |     7 |     3 ||    10
       Potion            |     5 |     2 ||     7
 Stab: Sleeping          |     1 |     1 ||     2
  Eat: Chunk             |     4 |     7 ||    11
Armor: Robe              |    32 |       ||    32
       Leather armour    |    25 |    45 ||    70
Dodge: Dodged            |   139 |    96 ||   235
